 Dungeon Sprint DCSS version 0.29.1-1-gd02db6906a (webtiles) character file.

Game seed: 5989550377645442640

6400000 Ofeo the Axe Maniac (level 25, -8/250 HPs)
             Began as a Palentonga Warper on Sept 17, 2022.
             Was the Champion of Makhleb.
             Mangled by a destroyer
             ... wielding a +9 vorpal great sword
              (13 damage)
             ... in the Dungeon (Sprint VIII: "Arena of Blood").
             The game lasted 00:02:50 (64 turns).

Ofeo the Axe Maniac (Palentonga Warper)               Turns: 64, Time: 00:02:50

Health: -8/250     AC: 15    Str: 18    XL:     25   Next: 31%
Magic:  17/54      EV: 19    Int: 23    God:    Makhleb [******]
Gold:   0          SH:  0    Dex: 11    Spells: 78/78 levels left

rFire   + . .      SeeInvis +   d - +∞ Axe of Woe
rCold   . . .      Faith    .   (shield currently unavailable)
rNeg    . . .      Spirit   .   a - +0 leather armour
rPois   .          Reflect  .   (no helmet)
rElec   .          Harm     .   (no cloak)
rCorr   .          Rampage  .   (no gloves)
Will    +....      NoTele   +   (no barding)
Stlth   +++++++++.              (no amulet)
HPRegen 0.51/turn               i - ring of protection from fire
MPRegen 0.34/turn               (no ring)

@: curled up
A: large, rugged brown scales 3, see invisible, deformed body, roll 1, armoured
tail, reflexive curl
a: Rolling Charge, Renounce Religion, Minor Destruction, Lesser Servant of
Makhleb, Major Destruction, Greater Servant of Makhleb


You were in the Dungeon.
You worshipped Makhleb.
Makhleb was exalted by your worship.
You visited 1 branch

Inventory:

Hand Weapons
 d - the +∞ Axe of Woe (weapon)
   (You found it in the Dungeon)
Missiles
 c - 7 boomerangs of dispersal
Armour
 a - a +0 leather armour (worn)
Jewellery
 i - a ring of protection from fire (left hand)
Scrolls
 b - 2 scrolls of blinking {@r4}
Potions
 e - a potion of berserk rage
 f - a potion of heal wounds {@q2}
 g - 2 potions of magic
 h - a potion of haste {@q3}
 q - a potion of curing {@q1}


   Skills:
 O Level 27 Fighting
 + Level 18.4(21.5) Short Blades
 + Level 18.5(21.5) Long Blades
 O Level 27 Axes
 + Level 18.3(26.8) Maces & Flails
 + Level 16.8(24.8) Polearms
 + Level 18.5(23.8) Staves
 + Level 15.6 Ranged Weapons
 + Level 16.8 Throwing
 O Level 27 Armour
 O Level 27 Dodging
 O Level 27 Stealth
 + Level 16.9 Shields
 + Level 21.4 Unarmed Combat
 O Level 27 Spellcasting
 + Level 16.8 Conjurations
 + Level 18.4 Hexes
 + Level 15.7 Summonings
 + Level 18.4 Necromancy
 O Level 27 Translocations
 + Level 18.5 Transmutations
 + Level 15.8 Fire Magic
 + Level 15.7 Ice Magic
 + Level 15.8 Air Magic
 + Level 17.0 Earth Magic
 + Level 15.6 Poison Magic
 + Level 19.8 Invocations
 + Level 16.9 Evocations


You had 78 spell levels left.
You didn't know any spells.
Your spell library contained the following spells:

 Spells                   Type           Power      Damage    Failure   Level
 Blink                    Tloc           100%       N/A       0%          2
 Gell's Gravitas          Tloc           100%       N/A       0%          3
 Lesser Beckoning         Tloc           100%       N/A       0%          3
 Teleport Other           Tloc           100%       N/A       0%          3
 Manifold Assault         Tloc           100%       N/A       0%          5


Dungeon Overview and Level Annotations

Branches:
Dungeon (1/1)

Altars:
Makhleb

Annotations:
D The Servant


Innate Abilities, Weirdness & Mutations

You are completely covered in rugged brown scales. (AC +3, +7% HP)
You have supernaturally acute eyesight. (SInv)
Armour fits poorly on your strangely shaped body.
You can roll at nearby foes to attack.
You have a long armoured tail.
You curl defensively after being hit. (AC +7*)


Message History

The destroyer casts a spell at you.
The destroyer blinks!
You hear a shout!
The accursed points at you and mumbles some strange words.
Something smites you!
The destroyer points at you and mumbles some strange words.
The destroyer blinks!
The tyrant waves its bony arms in wide circles.
The air twists around and strikes you!!!
You hear a shout!
A destroyer comes into view. It is wielding a +9 vorpal great sword.
Your base Short Blades skill gained 2 levels and is now at level 18!
Your base Long Blades skill gained 2 levels and is now at level 18!
Your base Maces & Flails skill gained 2 levels and is now at level 18!
Your base Polearms skill increases to level 16!
Your base Staves skill gained 2 levels and is now at level 18!
Your Ranged Weapons skill increases to level 15!
Your Throwing skill increases to level 16!
Your Shields skill increases to level 16!
Your Unarmed Combat skill increases to level 21!
Your Conjurations skill increases to level 16!
Your Hexes skill gained 2 levels and is now at level 18!
Your Summonings skill increases to level 15!
Your Necromancy skill gained 2 levels and is now at level 18!
Your Transmutations skill gained 2 levels and is now at level 18!
Your Fire Magic skill increases to level 15!
Your Ice Magic skill increases to level 15!
Your Air Magic skill increases to level 15!
Your Earth Magic skill gained 2 levels and is now at level 17!
Your Poison Magic skill increases to level 15!
Your Invocations skill increases to level 19!
Your Evocations skill increases to level 16!
You have reached level 25!
You take 54 damage, and have 188/250 hp.
MASSIVE DAMAGE!!
The destroyer attacks as you move away!
The destroyer hits you with a +9 vorpal great sword!!!!!
Ouch! That really hurt!
* * * LOW HITPOINT WARNING * * *
You die...

..# o.§.....##.....#
..###. .L............#
##......O...L.2###..o..#
_.................)....#
...#.......#.#...).M)))#
<._#..o.....W.o...))).°#
)..#...V..#o#.#)...))))#
_......V..Vooo°V))M....#
##.........#.#)#@)#....#
...o###V..Voo.)).#o....#
..).#....V)LO.))).#.V..#
...)#.oV.L.oO...)#..§..#
..o)...L)o)@...O......§#
....o§Mz#..M#......##..#
.....§)#)V..#.....## .#
....o##.....#.....# #
....#.....O#....##.


You could see 3 accurseds, a meat beast (wandering, fast), 3 tyrants, The
Servant, 6 destroyers, a dread, 3 meat berserkers and 11 bags of meat.

Vanquished Creatures
  A hell beast (D)
  2 royal mummies (D)
  4 vampire knights (D)
  24 ogres (D)
  9 two-headed ogres (D)
  A lich (D)
  A hydra (D)
  68 orcs (D)
  3 skeletal warriors (D)
113 creatures vanquished.

Notes
Turn   | Place    | Note
-------+----------+-------------------------------------------
     0 | D        | Found the +∞ Axe of Woe
     0 | D        | Ofeo the Palentonga Warper began the quest for the Orb.
     0 | D        | Reached XP level 1. HP: 17/17 MP: 3/3
     0 | D        | Noticed a meat berserker
     1 | D        | Noticed a bag of meat
     1 | D        | Noticed a bag of meat
     3 | D        | Became a worshipper of Makhleb the Destroyer
     3 | D        | Noticed a bag of meat
     3 | D        | Noticed a bag of meat
     4 | D        | Killed a meat berserker
     4 | D        | Noticed a meat berserker
     5 | D        | Reached skill level 10 in Spellcasting
     5 | D        | Reached XP level 2. HP: 40/40 MP: 3/13
     5 | D        | Reached XP level 3. HP: 47/47 MP: 3/15
     5 | D        | Reached XP level 4. HP: 54/54 MP: 3/16
     5 | D        | Reached XP level 5. HP: 60/60 MP: 3/18
     5 | D        | Reached XP level 6. HP: 68/68 MP: 3/19
     5 | D        | Gained mutation: You curl defensively after being hit. (AC
                  | +7*) [Palentonga growth]
     5 | D        | Reached XP level 7. HP: 73/73 MP: 3/21
     5 | D        | Reached XP level 8. HP: 81/81 MP: 3/22
     5 | D        | Reached XP level 9. HP: 87/87 MP: 3/23
     5 | D        | Reached XP level 10. HP: 95/95 MP: 3/24
     5 | D        | Reached XP level 11. HP: 101/101 MP: 3/25
     5 | D        | Noticed a bag of meat
     5 | D        | Noticed a bag of meat
     6 | D        | Killed a bag of meat
     6 | D        | Reached * piety under Makhleb
     6 | D        | Noticed a meat berserker
     6 | D        | Noticed a bag of meat
     7 | D        | Reached XP level 12. HP: 109/109 MP: 3/26
     7 | D        | Noticed a bag of meat
     7 | D        | Noticed a bag of meat
     7 | D        | Noticed a meat berserker
     7 | D        | Noticed a bag of meat
     7 | D        | Noticed a bag of meat
     7 | D        | Noticed a bag of meat
     7 | D        | Noticed a bag of meat
     8 | D        | Noticed a meat berserker
     8 | D        | Noticed a bag of meat
     8 | D        | Noticed a bag of meat
     8 | D        | Noticed a large bag of meat
     8 | D        | Killed a bag of meat
     8 | D        | Noticed a bag of meat
     9 | D        | Reached XP level 13. HP: 114/114 MP: 4/27
     9 | D        | Killed a bag of meat
     9 | D        | Noticed a meat berserker
     9 | D        | Noticed a bag of meat
     9 | D        | Noticed a bag of meat
    10 | D        | Killed a meat berserker
    10 | D        | Reached ** piety under Makhleb
    10 | D        | Killed a meat berserker
    10 | D        | Killed a meat berserker
    10 | D        | Noticed a meat berserker
    11 | D        | Reached skill level 27 in Axes
    11 | D        | Reached XP level 14. HP: 95/148 MP: 4/28
    11 | D        | Reached XP level 15. HP: 101/156 MP: 4/29
    11 | D        | Killed a meat berserker
    11 | D        | Reached *** piety under Makhleb
    12 | D        | Reached skill level 27 in Fighting
    12 | D        | Reached skill level 10 in Armour
    12 | D        | Reached skill level 10 in Dodging
    12 | D        | Reached skill level 1 in Stealth
    12 | D        | Killed a meat berserker
    12 | D        | Noticed a meat berserker
    13 | D        | Reached skill level 5 in Stealth
    13 | D        | Reached XP level 16. HP: 178/178 MP: 4/32
    13 | D        | Noticed a meat berserker
    13 | D        | Reached **** piety under Makhleb
    14 | D        | Killed a large bag of meat
    14 | D        | Noticed a meat berserker
    14 | D        | Noticed a meat berserker
    15 | D        | Noticed a meat berserker
    15 | D        | Noticed a meat berserker
    15 | D        | Noticed a meat berserker
    15 | D        | Noticed a large bag of meat
    17 | D        | Reached skill level 15 in Spellcasting
    17 | D        | Killed a meat berserker
    18 | D        | Reached skill level 15 in Armour
    18 | D        | Reached skill level 15 in Dodging
    18 | D        | Reached XP level 17. HP: 174/186 MP: 5/37
    18 | D        | Killed a meat berserker
    18 | D        | Reached ***** piety under Makhleb
    18 | D        | Noticed a large bag of meat
    18 | D        | Noticed a meat berserker
    19 | D        | Noticed a destroyer
    19 | D        | Noticed a destroyer
    19 | D        | Killed a meat berserker
    19 | D        | Noticed a meat berserker
    20 | D        | Killed a meat berserker
    20 | D        | Killed a meat berserker
    21 | D        | Reached XP level 18. HP: 194/194 MP: 6/44
    21 | D        | Noticed a large bag of meat
    21 | D        | Reached ****** piety under Makhleb
    22 | D        | Noticed a large bag of meat
    22 | D        | Noticed a large bag of meat
    23 | D        | Noticed a large bag of meat
    23 | D        | Noticed a destroyer
    23 | D        | Noticed a meat berserker
    23 | D        | Killed a destroyer
    23 | D        | Killed a large bag of meat
    24 | D        | Reached XP level 19. HP: 162/202 MP: 7/47
    25 | D        | Reached skill level 27 in Translocations
    25 | D        | Killed a destroyer
    26 | D        | Reached XP level 20. HP: 210/210 MP: 7/50
    26 | D        | Killed a large bag of meat
    26 | D        | Killed a meat berserker
    27 | D        | Reached skill level 27 in Spellcasting
    27 | D        | Killed a meat berserker
    28 | D        | Reached skill level 27 in Armour
    28 | D        | Reached skill level 27 in Dodging
    28 | D        | Killed a meat berserker
    28 | D        | Noticed a meat berserker
    28 | D        | Noticed a large bag of meat
    29 | D        | Reached skill level 27 in Stealth
    29 | D        | Reached XP level 21. HP: 209/218 MP: 8/52
    30 | D        | Reached skill level 5 in Maces & Flails
    30 | D        | Reached skill level 5 in Polearms
    30 | D        | Reached skill level 10 in Throwing
    30 | D        | Reached skill level 5 in Shields
    30 | D        | Reached skill level 5 in Conjurations
    30 | D        | Reached skill level 5 in Hexes
    30 | D        | Reached skill level 5 in Ice Magic
    30 | D        | Reached skill level 5 in Air Magic
    30 | D        | Reached skill level 5 in Earth Magic
    30 | D        | Reached skill level 5 in Evocations
    30 | D        | Noticed a large bag of meat
    30 | D        | Killed a large bag of meat
    31 | D        | Reached skill level 5 in Ranged Weapons
    31 | D        | Reached skill level 5 in Summonings
    31 | D        | Reached skill level 5 in Fire Magic
    31 | D        | Reached skill level 5 in Poison Magic
    37 | D        | Reached skill level 10 in Invocations
    37 | D        | Reached XP level 22. HP: 226/226 MP: 10/53
    37 | D        | Killed a large bag of meat
    38 | D        | Reached skill level 10 in Short Blades
    38 | D        | Reached skill level 10 in Long Blades
    38 | D        | Reached skill level 10 in Maces & Flails
    38 | D        | Reached skill level 10 in Staves
    38 | D        | Reached skill level 15 in Unarmed Combat
    38 | D        | Reached skill level 10 in Hexes
    38 | D        | Reached skill level 10 in Necromancy
    38 | D        | Reached skill level 10 in Transmutations
    38 | D        | Killed a large bag of meat
    38 | D        | Killed a large bag of meat
    38 | D        | Killed a large bag of meat
    39 | D        | Reached skill level 10 in Polearms
    39 | D        | Reached skill level 10 in Shields
    39 | D        | Reached skill level 10 in Conjurations
    39 | D        | Reached skill level 10 in Earth Magic
    39 | D        | Reached skill level 10 in Evocations
    39 | D        | Noticed a destroyer
    41 | D        | Reached skill level 10 in Ranged Weapons
    41 | D        | Reached skill level 10 in Summonings
    41 | D        | Reached skill level 10 in Fire Magic
    41 | D        | Reached skill level 10 in Ice Magic
    41 | D        | Reached skill level 10 in Air Magic
    41 | D        | Reached skill level 10 in Poison Magic
    42 | D        | Killed a large bag of meat
    43 | D        | Reached XP level 23. HP: 187/234 MP: 12/54
    44 | D        | Killed a destroyer
    45 | D        | Noticed a tyrant
    46 | D        | Noticed a destroyer
    49 | D        | Noticed an accursed
    50 | D        | Noticed an accursed
    54 | D        | Noticed an accursed
    55 | D        | Killed an accursed
    56 | D        | Reached skill level 15 in Invocations
    56 | D        | Killed a tyrant
    57 | D        | Reached skill level 15 in Long Blades
    57 | D        | Reached skill level 15 in Staves
    57 | D        | Reached skill level 15 in Transmutations
    57 | D        | Noticed an accursed
    57 | D        | Killed an accursed
    58 | D        | Reached skill level 15 in Short Blades
    58 | D        | Reached skill level 15 in Maces & Flails
    58 | D        | Reached skill level 15 in Throwing
    58 | D        | Reached skill level 15 in Hexes
    58 | D        | Reached skill level 15 in Necromancy
    58 | D        | Reached XP level 24. HP: 216/242 MP: 15/54
    59 | D        | Noticed a tyrant
    59 | D        | Noticed an accursed
    59 | D        | Noticed a tyrant
    59 | D        | Noticed a destroyer
    59 | D        | Noticed a destroyer
    59 | D        | Noticed a dread
    59 | D        | Noticed a tyrant
    60 | D        | Noticed The Servant
    60 | D        | Noticed a destroyer
    60 | D        | Noticed a destroyer
    60 | D        | Noticed an accursed
    60 | D        | Noticed a tyrant
    60 | D        | Noticed a destroyer
    60 | D        | Noticed a destroyer
    61 | D        | Noticed a meat beast
    62 | D        | Reached skill level 15 in Polearms
    62 | D        | Reached skill level 15 in Shields
    62 | D        | Reached skill level 15 in Conjurations
    62 | D        | Reached skill level 15 in Earth Magic
    62 | D        | Reached skill level 15 in Evocations
    63 | D        | Killed a meat beast
    63 | D        | Killed a destroyer
    63 | D        | Noticed a destroyer
    64 | D        | Reached skill level 15 in Ranged Weapons
    64 | D        | Reached skill level 15 in Summonings
    64 | D        | Reached skill level 15 in Fire Magic
    64 | D        | Reached skill level 15 in Ice Magic
    64 | D        | Reached skill level 15 in Air Magic
    64 | D        | Reached skill level 15 in Poison Magic
    64 | D        | Reached XP level 25. HP: 188/250 MP: 17/54
    64 | D        | Noticed a meat beast
    64 | D        | HP: 5/250 [destroyer/+9 vorpal great sword (183)]
    64 | D        | Mangled by a destroyer

Illustrated notes

Levels and vault maps discovered:
D:        meatsprint

Skill      XL: |  1  2  3  4  5  6  7  8  9 10 11 12 13 14 15 16 17 18 19 20 21 22 23 24 |
---------------+-------------------------------------------------------------------------+-----
Fighting       | 11 21 27 | 27.0
Throwing       | 9 11 13 15 16 | 16.8
Armour         | 9 11 15 20 22 24 27 | 27.0
Dodging        | 9 11 15 20 22 24 27 | 27.0
Unarmed Combat | 11 12 14 17 19 21 | 21.4
Spellcasting   | 10 12 16 22 24 26 27 | 27.0
Translocations | 12 14 18 24 26 27 | 27.0
Axes           | 13 18 27 | 27.0
Stealth        | 5 11 17 19 21 27 | 27.0
Short Blades   | 3 9 12 15 18 | 18.4
Long Blades    | 3 9 12 15 18 | 18.5
Maces & Flails | 3 9 12 15 18 | 18.3
Polearms       | 3 8 11 14 16 | 16.8
Staves         | 3 9 12 15 18 | 18.5
Ranged Weapons | 2 7 10 13 15 | 15.6
Shields        | 3 8 11 14 16 | 16.9
Conjurations   | 3 8 11 14 16 | 16.8
Hexes          | 3 9 12 15 18 | 18.4
Summonings     | 2 7 10 13 15 | 15.7
Necromancy     | 3 9 12 15 18 | 18.4
Transmutations | 3 9 12 15 18 | 18.5
Fire Magic     | 2 7 10 13 15 | 15.8
Ice Magic      | 2 7 10 13 15 | 15.7
Air Magic      | 3 7 10 13 15 | 15.8
Earth Magic    | 3 8 11 14 17 | 17.0
Poison Magic   | 2 7 10 13 15 | 15.6
Invocations    | 4 10 13 17 19 | 19.8
Evocations     | 3 8 11 14 16 | 16.9

Action                   |  1- 3 |  4- 6 |  7- 9 | 10-12 | 13-15 | 16-18 | 19-21 | 22-24 | 25-27 || total
-------------------------+-------+-------+-------+-------+-------+-------+-------+-------+-------++-------
Melee: Executioner's axe |     1 |       |       |     2 |     4 |    10 |    11 |    24 |       ||    52
 Abil: Rolling Charge    |       |       |       |     2 |     1 |     5 |     2 |     5 |       ||    15
